 Dungeon Crawl Stone Soup version 0.31-a0-369-g8eba5f6939 (webtiles) character file.

Game seed: 3718373700798225989

99 spiderkeys the Ruffian (level 4, -1/29 HPs)
             Began as an Octopode Shapeshifter on July 28, 2023.
             Succumbed to a water moccasin's poison
             ... in a sewer.
             The game lasted 00:02:31 (1705 turns).

spiderkeys the Ruffian (Octopode Shapeshifter)      Turns: 1705, Time: 00:02:32

Health: -1/29      AC:  1    Str: 16    XL:     4   Next: 72%
Magic:  4/4        EV: 13    Int: 10    God:
Gold:   126        SH:  0    Dex: 12    Spells: 3/3 levels left

rFire   . .          .
                       - Unarmed
rCold   . . .        (no shield)
rNeg    . . .        (helmet currently unavailable)
rPois   .            (no amulet)
rElec   .            (no ring)
rCorr   .            (no ring)
SInv    .            (no ring)
Will    .....        (no ring)
Stlth   ++           (no ring)
HPRegen 0.24/turn    (no ring)
MPRegen 0.09/turn    (no ring)
                     (no ring)

%: no passive effects
@: lethally poisoned (-1 -> -34), beast-form
A: beast (slay +2), almost no armour, amphibious, 8 rings, camouflage 1,
gelatinous body 1, (nimble swimmer 1), tentacles
a: Begin Untransformation


You were in a sewer.
You were a hulking beast.
You visited 1 branch of the dungeon, and saw 3 of its levels.
You also visited: Sewer.

You collected 126 gold pieces.


Innate Abilities, Weirdness & Mutations

You are a hulking beast.
Your limbs bulge with bestial killing power. (Slay +2)
You cannot wear most types of armour.
You are amphibious.
You can wear up to eight rings at the same time.
Your skin changes colour to match your surroundings (Stealth+).
Your rubbery body absorbs attacks. (AC +1, EV +1)
((You are camouflaged when in or above water. (Stealth+)))
You have tentacles for arms and can constrict up to eight enemies at once.


   Skills:
 + Level 2.2 Fighting
 + Level 2.8 Dodging
 + Level 3.7 Unarmed Combat
 + Level 3.4 Shapeshifting


You had 3 spell levels left.
You didn't know any spells.
Your spell library contained the following spells:

 Spells                   Type           Power      Damage    Failure   Level
 Ensorcelled Hibernation  Hex/Ice        0%         N/A       50%         2
 Passwall                 Tmut/Erth      0%         N/A       50%         2
 Swiftness                Air            0%         N/A       75%         3

Inventory:

Missiles
 c - 8 stones
Jewellery
 e - a ring of willpower
   (You found it on level 2 of the Dungeon)
Talismans
 b - a beast talisman
Scrolls
 f - 2 scrolls of blinking {!r}
Potions
 a - a potion of lignification {!q}
 d - a potion of curing {unknown}
 h - 2 potions of haste {@q3}

Dungeon Overview and Level Annotations

Branches:
Dungeon (3/15) Zot: 16358   Sewer (1/1) Zot: 5942

Altars:

#..$($..#
#.......#
#.......# .......
..... ... #S#
####### #h#
##.....## #.#
##...≈...#
#.#######...≈≈≈...
#..........≈≈≈†≈.∩
#.#######..†≈≈≈...
#.# ##...≈...# #.#
##.....## #.#
####### #.#


You could see a water moccasin.


Message History

There is an empty arch of ancient stone here.
There are monsters nearby!
You tentacle-slap the bat.
You kill the bat!
A bat comes into view.
The bat hits you. 😕 HP[-1]
You take 1 damage, and now have 28/29 hp.
You barely miss the bat. You grab the bat. You constrict the bat.
The bat misses you.
The bat escapes!
The bat barely misses you.
You tentacle-slap the bat. Your grab misses the bat. The bat hits you.
The bat hits you but does no damage. 😕 HP[-1]
You take 1 damage, and now have 27/29 hp.
You enter the deep water.
The bat misses you. The bat closely misses you.
You tentacle-slap the bat.
You kill the bat!
The bat misses you. 😕 HP[+1]
You miss the bat. Your grab misses the bat. You squeeze the bat.
You kill the bat!
The bat hits you but does no damage.
You see here a bat corpse.
You barely miss the bat. Your grab misses the bat. The bat closely misses you.
The bat hits you. 😕 HP[-1]
You take 1 damage, and now have 27/29 hp.
You tentacle-slap the bat. Your grab misses the bat. The bat barely misses you.
The bat hits you. The bat closely misses you.
You barely miss the bat. Your grab misses the bat. The bat closely misses you.
You bludgeon the bat!
You kill the bat!
The bat barely misses you. The bat hits you but does no damage.
You barely miss the bat. Your grab misses the bat.
Your tentacle-slap misses the bat.
The bat misses you. The bat hits you. The bat hits you but does no damage.
You closely miss the bat. Your grab misses the bat. You squeeze the bat.
The bat hits you but does no damage. x2; The bat closely misses you.
The bat hits you. 😕 HP[-1]
You take 1 damage, and now have 26/29 hp.
You bludgeon the bat!
You kill the bat!
The bat misses you.
You tentacle-slap the bat.
You kill the bat!
No target in view!
No target in view!
No target in view!
A bat comes into view.
Found a potion of haste.
Found a gate leading back out of this place. 😎 HP[+3]
Your hp is fully restored (29).
A bat is nearby!
A bat is nearby!
A bat is nearby!
The helpless bat fails to defend itself.
You bludgeon the bat!
You kill the bat!
No target in view!
A water moccasin comes into view.
A water moccasin is nearby!
A water moccasin is nearby!
You see here a potion of haste {@q3}.
Throw: 3 javelins
Press: ? - help, Shift-Dir - straight line, f - water moccasin
Aim: a water moccasin (asleep, 98% to hit)
You throw a javelin.
The javelin pierces through the water moccasin.
The water moccasin hisses angrily.
Throw: 2 javelins
Press: ? - help, Shift-Dir - straight line, f/p - water moccasin
Aim: a water moccasin (lightly wounded, 40% to hit)
You throw a javelin.
The javelin barely misses the water moccasin.
Throw: javelin
Press: ? - help, Shift-Dir - straight line, f/p - water moccasin
Aim: a water moccasin (lightly wounded, 40% to hit)
You throw a javelin.
The javelin barely misses the water moccasin.
The water moccasin bites you.
You are poisoned.
The water moccasin poisons you! The water moccasin bites you! 😮 HP[-10]
You take 10 damage, and now have 19/29 hp.
MASSIVE DAMAGE!! (PAUSE)
You miss the water moccasin. You grab the water moccasin.
You constrict the water moccasin.
You feel sick. The water moccasin bites you.
* * * LOW HITPOINT WARNING * * *
You are lethally poisoned!
The water moccasin poisons you! The water moccasin bites you.
* * * LOW HITPOINT WARNING * * *
You are more poisoned.
The water moccasin poisons you! 😱 HP[-13]
You take 13 damage, and now have 6/29 hp.
MASSIVE DAMAGE!! (PAUSE)
You tentacle-slap the water moccasin. You constrict the water moccasin.
You die...

Skill      XL: |  1  2  3 |
---------------+----------+-----
Fighting       | 2 |  2.2
Dodging        | |  2.8
Unarmed Combat | |  3.7
Shapeshifting  | |  3.4

Action                     |  1- 3 |  4- 6 || total
---------------------------+-------+-------++-------
  Melee: Unarmed           |    67 |    42 ||   109
         Constrict         |    13 |     9 ||    22
         Tentacles         |    13 |     6 ||    19
         Punch             |     3 |     1 ||     4
  Throw: Javelin           |       |     3 ||     3
    Use: Scroll            |     4 |     3 ||     7
   Stab: Sleeping          |     5 |     4 ||     9
 Armour: Skin              |     4 |     6 ||    10
  Dodge: Dodged            |    32 |    20 ||    52

Levels and vault maps discovered:
D:1:      onia_arrival_mini_spirals, layout_rooms, nicolae_eternal_life,
          minmay_cupped
D:2:      layout_basic, minmay_misc_feat_iff, kennysheep_boxes, uniq_jessica
D:3:      layout_basic, cheibrodos_sewer_entry_bend,
          dreamdust_ecumenical_altar_hidden_monk_grotto, minmay_misc_feat_doors,
          uniq_sigmund
Sewer:    sewer_big_baddie

Notes
Turn   | Place    | Note
-------+----------+-------------------------------------------
     0 | D:1      | spiderkeys the Octopode Shapeshifter began the quest for
                  | the Orb.
     0 | D:1      | Reached XP level 1. HP: 13/13 MP: 1/1
     0 | D:1      | magus.rc [v1.11.6]
   109 | D:1      | HP: 2/13 [endoplasm (3)]
   181 | D:1      | Reached XP level 2. HP: 17/18 MP: 2/2
   393 | D:1      | Reached XP level 3. HP: 20/23 MP: 3/3
   893 | D:2      | Noticed Jessica
   897 | D:2      | Killed Jessica
   898 | D:2      | Reached skill level 2 in Fighting
   898 | D:2      | Reached XP level 4. HP: 29/29 MP: 4/4
  1187 | D:2      | You add the spells Passwall, Ensorcelled Hibernation and
                  | Swiftness to your library.
  1589 | D:3      | Found a glowing drain.
  1647 | Sewer    | Entered a sewer
  1698 | Sewer    | Noticed a water moccasin
  1704 | Sewer    | HP: 6/29 [water moccasin (5)]
  1705 | Sewer    | Succumbed to a water moccasin's poison

Vanquished Creatures
  Jessica (D:2)
  2 worms (D:3)
  3 dart slugs
  10 bats
  4 endoplasms
  4 giant cockroaches
  5 goblins
  7 hobgoblins
  2 jackals (D:2)
  8 ball pythons
  4 frilled lizards
  3 kobolds
  5 rats
58 creatures vanquished.

Table legend:
 A = Non-vault XP
 B = Vault XP
 C = Vault XP percentage of total XP
 D = Non-vault monster count
 E = Vault monster count
 F = Vault count percentage of total count
                 A         B        C        D         E       F
            +---------+---------+-------+---------+---------+-------
      Total |      82 |      60 |  42.3 |      46 |      12 |  20.7
            +---------+---------+-------+---------+---------+-------
        D:1 |      45 |       4 |   8.2 |      26 |       2 |   7.1
        D:2 |      27 |      37 |  57.8 |      15 |       1 |   6.2
        D:3 |      10 |      10 |  50.0 |       5 |       2 |  28.6
      Sewer |       0 |       9 | 100.0 |       0 |       7 | 100.0
            +---------+---------+-------+---------+---------+-------

Skill      XL: |  1  2  3 |
---------------+----------+-----
Fighting       | 2 |  2.2
Dodging        | |  2.8
Unarmed Combat | |  3.7
Shapeshifting  | |  3.4

Action                     |  1- 3 |  4- 6 || total
---------------------------+-------+-------++-------
  Melee: Unarmed           |    67 |    42 ||   109
         Constrict         |    13 |     9 ||    22
         Tentacles         |    13 |     6 ||    19
         Punch             |     3 |     1 ||     4
  Throw: Javelin           |       |     3 ||     3
    Use: Scroll            |     4 |     3 ||     7
   Stab: Sleeping          |     5 |     4 ||     9
 Armour: Skin              |     4 |     6 ||    10
  Dodge: Dodged            |    32 |    20 ||    52

Illustrated notes

Table legend:
 A = Kills in this place as a percentage of kills in the entire game.
 B = Kills by you in this place as a percentage of kills by you in the entire game.
 C = Kills by friends in this place as a percentage of kills by friends in the entire game.
 D = Other kills in this place as a percentage of other kills in the entire game.
 E = Experience gained in this place as a percentage of experience gained in the entire game.
 F = Experience gained in this place divided by the number of levels of this place that you have seen.
                   A       B       C       D       E      F
               +-------+-------+-------+-------+-------+----------------------
         Total | 100.0 | 100.0 |   N/A |   N/A | 100.0 |  35.5
       Dungeon |  87.9 |  87.9 |   N/A |   N/A |  93.7 |  44.3
         Sewer |  12.1 |  12.1 |   N/A |   N/A |   6.3 |   9.0
               +-------+-------+-------+-------+-------+----------------------

Table legend: (Time is in decaauts)
 A = Elapsed time spent in this place.
 B = Non-inter-level travel time spent in this place.
 C = Inter-level travel time spent in this place.
 D = Time resting spent in this place.
 E = Time spent auto-exploring this place.
 F = Levels seen in this place.
 G = Mean time per level.
                   A        B        C        D        E       F      G
               +--------+--------+--------+--------+--------+-----+--------+
         Total |   1699 |   1559 |    140 |     93 |   1123 |   4 |  424.8 |
       Dungeon |   1641 |   1501 |    140 |     93 |   1099 |   3 |  547.0 |
         Sewer |     58 |     58 |      0 |      0 |     24 |   1 |   58.0 |
               +--------+--------+--------+--------+--------+-----+--------+

Top non-repeatable levels by time:
     D:2: 840 daAuts
     D:1: 682 daAuts
     D:3: 118 daAuts
   Sewer: 58 daAuts
